 Dungeon Crawl Stone Soup version 0.28-a0-429-g1448048969 (webtiles) character file.

Game seed: 11863773332928477250

949 olmar the Cudgeller (level 8, -4/72 HPs)
             Began as a Gargoyle Fighter on Sept 10, 2021.
             Slain by an ogre (9 damage)
             ... on level 4 of the Dungeon.
             The game lasted 00:08:33 (5110 turns).

olmar the Cudgeller (Gargoyle Fighter)              Turns: 5110, Time: 00:08:34

Health: -4/72      AC: 24    Str: 21 (22) XL:     8   Next: 13%
Magic:  8/8        EV:  2    Int:  7 (9)  God:
Gold:   151        SH:  4    Dex:  7 (9)  Spells: 7/7 levels left

rFire   . . .      SeeInvis .   g - +4 club
rCold   . . .      Faith    .   c - +0 buckler
rNeg    + + +      Spirit   .   (armour currently unavailable)
rPois   ∞          Reflect  .   (helmet currently unavailable)
rElec   .          Harm     .   (cloak currently unavailable)
rCorr   .          Rampage  .   (gloves currently unavailable)
Will    .....      NoTele   +   (boots currently unavailable)
Stlth   +.........              (no amulet)
HPRegen 0.22/turn               (no ring)
MPRegen 0.11/turn               (no ring)

@: tree-form
A: stationary, stasis, torment immunity, boosted hp, sickness immunity, AC +5,
negative energy resistance 1, (electricity resistance), torment resistance 1,
petrification resistance
a: no special abilities


You were on level 4 of the Dungeon.
You were a tree.
You visited 1 branch of the dungeon, and saw 4 of its levels.

You collected 151 gold pieces.

Inventory:

Hand Weapons
 a - a +0 flail
 g - a +4 club (weapon)
Armour
 b - a +0 scale mail
 c - a +0 buckler (worn)
 d - a +0 chain mail (melded)
 h - a +0 helmet (melded)
Wands
 k - a wand of polymorph (2)
Scrolls
 l - a scroll of identify
Potions
 e - a potion of degeneration
 i - 2 potions of lignification
 m - 2 potions of resistance


   Skills:
 + Level 4.9 Fighting
 + Level 6.2 Maces & Flails
 + Level 6.0 Armour
 + Level 1.4 Dodging
 + Level 4.5 Shields
 + Level 0.2 Unarmed Combat


You had 7 spell levels left.
You didn't know any spells.
Your spell library contained the following spells:

 Spells                   Type           Power      Damage    Failure   Level
 Sting                    Tmut/Pois      0%         1d3       43%         1
 Poisonous Vapours        Pois/Air       0%         N/A       56%         2
 Frozen Ramparts          Ice            0%         1d2       80%         3
 Ice Form                 Ice/Tmut       0%         N/A       99%         4
 Olgreb's Toxic Radiance  Pois           0%         N/A       99%         4
 Summon Ice Beast         Ice/Summ       0%         N/A       99%         4


Dungeon Overview and Level Annotations

Branches:
Dungeon (4/15)
 Temple: D:4-7

Altars:
Cheibriados
Hepliaklqana
Uskayaw


Innate Abilities, Weirdness & Mutations

You are a tree.
Your roots penetrate the ground, keeping you stationary.
You cannot be teleported.
You are immune to unholy pain and torment.
Your maximum health is greatly increased.
Your equipment is partially melded.
You are immune to sickness and miasma.
((Your stone body is resilient. (AC +5)))
You are immune to poison.
You resist negative energy. (rN+)
((You are resistant to electric shocks. (rElec)))
You are resistant to unholy torment.
You are immune to petrification.


Message History

The phantom hits you but does no damage.
Unknown command.
You hit the phantom.
The phantom is almost destroyed.
The phantom hits you but does no damage.
Unknown command.
Okay, then.
You hit the phantom but do no damage.
The phantom is almost destroyed.
You block the phantom's attack.
You hit the phantom.
You destroy the phantom!
You hit the adder.
The adder is moderately wounded.
The adder bites you but does no damage.
You hit the adder.
The adder is severely wounded.
The adder bites you but does no damage. x2
You hit the adder.
The adder is almost dead.
You block the adder's attack.
You hit the adder.
You kill the adder!
Your Armour skill increases to level 6!
You sock the ogre!
The ogre is moderately wounded.
The ogre completely misses you.
You hit the ogre.
The ogre is heavily wounded.
You block the ogre's attack.
You hit the ogre.
The ogre is severely wounded.
The ogre hits you with a +0 giant club!
* * * LOW HITPOINT WARNING * * *
You sock the ogre!
The ogre is almost dead.
You hit the ogre.
The ogre is almost dead.
The ogre hits you with a +0 giant club!
You die...

#.###≈≈≈§≈≈###****,#####...####
#.#*≈≈,§..§≈≈#*,,,.# ##.##
..#≈≈,,.....≈≈##*#.# #.#
..#≈,,,......§≈# #.# #.#
#.#≈,,,≈.≈≈≈..§###.# #.#
#.#≈,,,≈...≈..≈§##.######.#
###≈,,,≈?§(§...≈##.#......#
###≈≈,,≈§.§§§..≈##.#.######
..#*≈,,≈≈≈§§§..O♣..#.##
###*≈≈,.§.?§§..§#...#.## #
###≈≈......§≈§##.###.###
#.#*≈§§...§≈§##.## ##..#
##.##*#§§§≈§§####.###.#.#
##...#########* ##.#.##.#
...#....# ##.###.## ##...##.#
#......# ##.###.#### #####..#


You could see an ogre.

Vanquished Creatures
  Sigmund (D:3)
  An orc warrior (D:4)
  2 sky beasts (D:4)
  An ogre (D:4)
  A phantom (D:4)
  An orc priest (D:4)
  Jessica (D:3)
  2 orc wizards (D:3)
  Ijyb (D:3)
  Terence (D:3)
  Natasha (thrice) (D:2)
  Robin (D:2)
  6 adders
  An adder skeleton (D:4)
  3 dart slugs
  6 orcs
  6 ball pythons
  6 endoplasms
  4 giant cockroaches
  9 goblins
  10 hobgoblins
  3 jackals (D:3)
  3 quokkas
  7 bats
  5 frilled lizards
  3 kobolds
  3 rats
91 creatures vanquished.

Vanquished Creatures (others)
  An orc wizard (D:3)
1 creature vanquished.

Grand Total: 92 creatures vanquished

Notes
Turn   | Place    | Note
-------+----------+-------------------------------------------
     0 | D:1      | olmar the Gargoyle Fighter began the quest for the Orb.
     0 | D:1      | Reached XP level 1. HP: 14/14 MP: 1/1
    51 | D:1      | Found a faded altar of an unknown god.
    89 | D:1      | Reached XP level 2. HP: 19/19 MP: 2/2
   550 | D:1      | Reached XP level 3. HP: 24/24 MP: 3/3
  1300 | D:2      | Found a hazy altar of Hepliaklqana.
  1668 | D:2      | Reached XP level 4. HP: 27/29 MP: 4/4
  1706 | D:2      | Noticed Natasha
  1716 | D:2      | Killed Natasha
  2079 | D:2      | Noticed Robin
  2112 | D:2      | Killed Robin
  2187 | D:2      | Reached XP level 5. HP: 21/33 MP: 5/5
  2190 | D:2      | Noticed Natasha
  2394 | D:2      | Killed Natasha
  2638 | D:3      | Noticed Sigmund
  2732 | D:2      | Noticed Natasha
  2745 | D:2      | Killed Natasha
  3030 | D:3      | Noticed Terence
  3056 | D:3      | Killed Terence
  3213 | D:3      | Killed Sigmund
  3214 | D:3      | Reached skill level 1 in Dodging
  3214 | D:3      | Reached XP level 6. HP: 39/39 MP: 6/6
  3216 | D:3      | Noticed Jessica
  3250 | D:3      | Killed Jessica
  3251 | D:3      | Reached skill level 5 in Maces & Flails
  3251 | D:3      | Reached XP level 7. HP: 30/44 MP: 7/7
  3396 | D:3      | Noticed Ijyb
  3428 | D:3      | Killed Ijyb
  3534 | D:3      | Found a hide-covered altar of Uskayaw.
  4046 | D:4      | Reached skill level 5 in Armour
  4316 | D:4      | Found a snail-covered altar of Cheibriados.
  4602 | D:4      | Noticed a hornet
  4604 | D:4      | a hornet changed into a sky beast
  4759 | D:4      | Reached XP level 8. HP: 37/48 MP: 8/8
  5110 | D:4      | Slain by an ogre

Illustrated notes

Levels and vault maps discovered:
D:1:      nagdon_arrival_zigzag_paths, layout_loops_ring,
          shapermc_ecumenical_altar_totnotflames
D:2:      layout_basic, basic_altar, grunt_ministairs_10,
          kennysheep_generic_room_4, uniq_robin, uniq_natasha
D:3:      layout_rooms, nicolae_uskayaw_suspiria, uniq_sigmund, uniq_jessica,
          uniq_terence, uniq_ijyb
D:4:      layout_loops_ring, mainiacjoe_overflow_24_doors, kennysheep_potato

Skill      XL: |  1  2  3  4  5  6  7  8 |
---------------+-------------------------+-----
Armour         | 4 5 6 |  6.0
Fighting       | 4 |  4.9
Maces & Flails | 3 4 5 6 |  6.2
Shields        | 4 |  4.5
Dodging        | 1 |  1.4
Unarmed Combat | |  0.2

Action                   |  1- 3 |  4- 6 |  7- 9 || total
-------------------------+-------+-------+-------++-------
Melee: Flail             |   102 |   177 |     1 ||   280
       Club              |       |       |   133 ||   133
       Unarmed           |       |       |     5 ||     5
Evoke: Wand              |       |       |     1 ||     1
  Use: Potion            |       |     3 |     4 ||     7
       Scroll            |       |     1 |     4 ||     5
Armor: Scale mail        |    49 |    85 |       ||   134
       Chain mail        |       |    31 |    41 ||    72
       Skin              |       |    18 |    19 ||    37
Dodge: Dodged            |    48 |    80 |    39 ||   167
Block: Buckler           |    32 |    34 |    20 ||    86

Table legend: (Time is in decaauts)
 A = Elapsed time spent in this place.
 B = Non-inter-level travel time spent in this place.
 C = Inter-level travel time spent in this place.
 D = Time resting spent in this place.
 E = Time spent auto-exploring this place.
 F = Levels seen in this place.
 G = Mean time per level.
                   A        B        C        D        E       F      G
               +--------+--------+--------+--------+--------+-----+--------+
         Total |   5206 |   4943 |    263 |    963 |   3037 |   4 | 1301.5 |
       Dungeon |   5206 |   4943 |    263 |    963 |   3037 |   4 | 1301.5 |
               +--------+--------+--------+--------+--------+-----+--------+

Top non-repeatable levels by time:
     D:2: 1600 daAuts
     D:3: 1314 daAuts
     D:1: 1213 daAuts
     D:4: 1077 daAuts
